 Dungeon Crawl Stone Soup version 0.27.1-34-g3ba077fa99 (webtiles) character file.

Game seed: 10896787488870474437

227 pkoi the Insei (level 5, -5/47 HPs)
             Began as a Draconian Monk on Jan 17, 2022.
             Slain by Edmund (12 damage)
             ... on level 4 of the Dungeon.
             The game lasted 00:03:43 (3741 turns).

pkoi the Insei (Draconian Monk)                     Turns: 3741, Time: 00:03:43

Health: -5/47      AC:  5    Str: 13    XL:     5   Next: 70%
Magic:  5/5        EV: 13    Int: 12    God:
Gold:   161        SH:  0    Dex: 13    Spells: 4/4 levels left

rFire    . . .     SeeInvis .     - Unarmed
rCold    . . .     Faith    .   (no shield)
rNeg     . . .     Spirit   .   (armour unavailable)
rPois    .         Reflect  .   (helmet restricted)
rElec    .         Harm     .   (no cloak)
rCorr    .         Rampage  .   (no gloves)
Will     .....                  (no boots)
Stlth    ++........             (no amulet)
HPRegen  0.15/turn              (no ring)
MPRegen  0.09/turn              (no ring)

@: no status effects
A: AC +5, unfitting armour, cold-blooded
a: no special abilities


You were on level 4 of the Dungeon.
You visited 1 branch of the dungeon, and saw 4 of its levels.

You collected 161 gold pieces.

Inventory:

Hand Weapons
 g - a +1 dagger of speed
Missiles
 b - 11 poisoned darts (quivered)
Scrolls
 c - 4 scrolls of summoning
 d - 4 scrolls of teleportation {unknown}
 f - a scroll of acquirement {unknown}
 h - a scroll of noise {unknown}
 i - 4 scrolls of identify {unknown}
Potions
 a - 2 potions of curing


   Skills:
 + Level 4.5 Fighting
 + Level 3.6 Dodging
 - Level 1.7 Stealth
 + Level 5.1 Unarmed Combat


You had 4 spell levels left.
You didn't know any spells.
Your spell library contained the following spells:

 Spells                   Type           Power      Damage    Failure   Level
 Animate Skeleton         Necr           0%         N/A       32%         1
 Pain                     Necr           0%         1d4       32%         1
 Vampiric Draining        Necr           0%         2d6       69%         3
 Summon Forest            Summ/Tloc      0%         N/A       100%        5
 Summon Mana Viper        Hex/Summ       0%         N/A       100%        5
 Shadow Creatures         Summ           N/A        N/A       100%        6


Dungeon Overview and Level Annotations

Branches:
Dungeon (4/15)
 Temple: D:4-7

Altars:
Cheibriados
Gozag

Shops:
D:4 *

Annotations:
D:3 Sigmund
D:4 Edmund


Innate Abilities, Weirdness & Mutations

Your plain brown scales are hard. (AC +5)
You cannot fit into any form of body armour.
You are cold-blooded and may be slowed by cold attacks.


Message History

Edmund is heavily wounded.
Edmund hits you with a +2 vorpal dire flail.
You hit Edmund. You tail-slap Edmund, but do no damage.
Edmund is severely wounded.
You hit Edmund.
Edmund is severely wounded.
Edmund hits you but does no damage.
You hit Edmund but do no damage. You punch Edmund, but do no damage.
Edmund is severely wounded.
Edmund looks more healthy.
Edmund hits you with a +2 vorpal dire flail.
You barely miss Edmund. You tail-slap Edmund, but do no damage.
Edmund is severely wounded.
Edmund barely misses you.
You hit Edmund but do no damage.
Edmund is severely wounded.
Edmund barely misses you.
You hit Edmund.
Edmund is almost dead.
Edmund hits you with a +2 vorpal dire flail.
* * * LOW HITPOINT WARNING * * *
x2 You hit Edmund but do no damage.
Edmund is almost dead.
Edmund closely misses you.
You hit Edmund but do no damage.
Edmund is almost dead.
Edmund barely misses you.
You barely miss Edmund.
Edmund is almost dead.
Edmund closely misses you.
You closely miss Edmund.
Edmund is almost dead.
Edmund hits you with a +2 vorpal dire flail!
* * * LOW HITPOINT WARNING * * *
x2 You hit Edmund but do no damage.
You punch Edmund, but do no damage.
Edmund is almost dead.
You hit Edmund but do no damage.
Edmund is almost dead.
Edmund hits you with a +2 vorpal dire flail!
You die...

###.#...#.# ###.# #.P ..#.....♣.♣
######.## #.. ..###..##.#
#.......####### ##. ..###..#♣.♣
#.####........######.
.......##.###.#####.#####........
.......#♣.♣#.....##.# #########
..#.......##..##.##.#
..#.##.#♣.♣#..##.##.#
†.#.##.##.#.....@...#
.....#.........#@####
...#...#..#._..#.#
.#..###...#...##(#
.##.#(#...######.# ....'##...#
#.# #'##...#..# #.# ...#[.....#
#(# ...#......# #.#


You could see Edmund.

Vanquished Creatures
  A scorpion (D:4)
  A centaur skeleton (D:4)
  A hound (D:4)
  An orc wizard (D:4)
  An adder (D:4)
  2 dart slugs (D:1)
  8 orcs
  11 endoplasms
  2 giant cockroaches
  5 goblins
  8 hobgoblins
  5 kobolds
  2 quokkas (D:1)
  5 ball pythons
  5 bats
  5 frilled lizards
  2 rats (D:1)
65 creatures vanquished.

Vanquished Creatures (others)
  8 plants (D:4)
8 creatures vanquished.

Grand Total: 73 creatures vanquished

Notes
Turn   | Place    | Note
-------+----------+-------------------------------------------
     0 | D:1      | pkoi the Draconian Monk began the quest for the Orb.
     0 | D:1      | Reached XP level 1. HP: 19/19 MP: 1/1
   157 | D:1      | Reached XP level 2. HP: 26/26 MP: 2/2
   378 | D:1      | Reached skill level 4 in Unarmed Combat
   639 | D:1      | Reached XP level 3. HP: 25/31 MP: 3/3
  1721 | D:3      | Noticed Sigmund
  2346 | D:4      | Reached XP level 4. HP: 16/40 MP: 4/4
  2717 | D:4      | Paralysed by a hobgoblin for 6 turns
  2732 | D:4      | Reached XP level 5. HP: 21/46 MP: 5/5
  3415 | D:4      | Found an opulent altar of Gozag.
  3420 | D:4      | Found Gozag's Platinum Reserve.
  3618 | D:4      | Reached skill level 5 in Unarmed Combat
  3688 | D:4      | Found a snail-covered altar of Cheibriados.
  3701 | D:4      | Noticed Edmund
  3741 | D:4      | Slain by Edmund

Illustrated notes

Levels and vault maps discovered:
D:1:      lemuel_arrival_behind_the_door_large, layout_rooms
D:2:      layout_rooms, chequers_serial_rivers_small_b
D:3:      layout_rooms, uniq_sigmund
D:4:      layout_loops_cross, nicolae_gozag_zags_fifth_avenue,
          cheibriados_altar_1, serial_forest, infiniplex_forest_clump_large,
          infiniplex_forest_clump_C, infiniplex_forest_clump_small,
          infiniplex_forest_lined_3_way, infiniplex_forest_lined_2,
          infiniplex_forest_end_3, infiniplex_forest_clump_tiny,
          infiniplex_forest_3_way, minmay_fractal_squares_diagonal_5,
          uniq_edmund

Skill      XL: |  1  2  3  4  5 |
---------------+----------------+-----
Unarmed Combat | 4 5 |  5.1
Dodging        | 3 |  3.6
Fighting       | 4 |  4.5
Stealth        | |  1.7

Action                   |  1- 3 |  4- 6 || total
-------------------------+-------+-------++-------
Melee: Unarmed           |   176 |    86 ||   262
       Tailslap          |    17 |     7 ||    24
       Punch             |     2 |     3 ||     5
Throw: Dart              |       |     3 ||     3
  Use: Scroll            |       |     2 ||     2
       Potion            |       |     1 ||     1
 Stab: Sleeping          |     6 |       ||     6
       Distracted        |     1 |       ||     1
Armor: Skin              |    54 |    23 ||    77
Dodge: Dodged            |   115 |    49 ||   164
